TOP OF THE 1ST |
Boise Hawks batting - Pitching for Williamsport Crosscutters : RHP Wally Hoover
|
Pitching: RHP Wally Hoover
|
|
Batting: SHB Pete Perla
|
0-0: Called Strike 0-1: Called Strike 0-2: Strikes out swinging
|
Batting: LHB Roy Riess
|
0-0: Foul Ball, location: 2F 0-1: Ground out 4-3 (Groundball, 34D, EV 96.2 MPH)
|
Batting: RHB Ernest Olkowicz
|
0-0: Called Strike 0-1: Called Strike 0-2: Ball 1-2: Ball 2-2: Ground out U3 (Groundball, 34, EV 101.2 MPH)
|
Top of the 1st over - 0 runs, 0 hits, 0 errors, 0 left on base; Boise 0 - Williamsport 0 |
BOTTOM OF THE 1ST |
Williamsport Crosscutters batting - Pitching for Boise Hawks : LHP Benito Vargas
|
Pitching: LHP Benito Vargas
|
|
Batting: RHB Tony Perez
|
0-0: Ball 1-0: Ground out 6-3 (Groundball, 56, EV 101.9 MPH)
|
Batting: RHB Jake Cox
|
0-0: Ball 1-0: Foul Ball, location: 2F 1-1: Foul Ball, location: 2F 1-2: Strikes out swinging
|
Batting: LHB Alex Fernandez
|
0-0: Ball 1-0: Called Strike 1-1: Swinging Strike 1-2: Ball 2-2: Ball 3-2: Base on Balls
|
Batting: RHB Alan Weller
|
0-0: Called Strike Alex Fernandez steals 2nd base 0-1: Foul Ball, location: 2F 0-2: Ground out 4-3 (Groundball, 4, EV 103.1 MPH)
|
Bottom of the 1st over - 0 runs, 0 hits, 0 errors, 1 left on base; Boise 0 - Williamsport 0 |
TOP OF THE 2ND |
Boise Hawks batting - Pitching for Williamsport Crosscutters : RHP Wally Hoover
|
Batting: RHB Mike Manchester
|
0-0: Ball 1-0: Ball 2-0: Foul Ball, location: 2F 2-1: Swinging Strike 2-2: Ball 3-2: Strikes out swinging
|
Batting: LHB Chris Raymond
|
0-0: Reached on error, E6 (Groundball, 6M, EV 103.1 MPH)
|
Batting: RHB Andy Solorzano
|
0-0: Called Strike 0-1: Ball 1-1: Ball 2-1: Ball 3-1: SINGLE (Groundball, 6MD, EV 106.2 MPH) Chris Raymond to second Runner from 2nd tries for 3rd, SAFE, throw by CF made to third Andy Solorzano to second
|
Batting: RHB Max Schellekens
|
0-0: Ball 1-0: Called Strike 1-1: Swinging Strike 1-2: Foul Ball, location: 2F 1-2: DOUBLE (Groundball, 3L, EV 103.1 MPH) Chris Raymond scores Andy Solorzano scores
|
Batting: SHB Malik Whitted
|
0-0: Swinging Strike 0-1: Foul Ball, location: 2F 0-2: Strikes out swinging passed ball, reaches first! Max Schellekens to third
|
Batting: LHB Mick Knopp
|
0-0: Called Strike 0-1: Swinging Strike 0-2: Hit by Pitch Malik Whitted to second
|
Batting: SHB Pete Perla
|
0-0: Called Strike 0-1: Foul Ball, location: 2F 0-2: Fielders Choice at 2nd, 4-6 (Groundball, 4M, EV 83.1 MPH) Max Schellekens scores Malik Whitted to third
|
Batting: LHB Roy Riess
|
0-0: Called Strike 0-1: Called Strike 0-2: Ball 1-2: Ball 2-2: Foul Ball, location: 2F 2-2: Ball 3-2: Strikes out swinging
|
Top of the 2nd over - 3 runs, 2 hits, 1 error, 2 left on base; Boise 3 - Williamsport 0 |
BOTTOM OF THE 2ND |
Williamsport Crosscutters batting - Pitching for Boise Hawks : LHP Benito Vargas
|
Batting: RHB Jose Corral
|
0-0: Ball 1-0: Ball 2-0: Ball 3-0: Called Strike 3-1: Foul Ball, location: 2F 3-2: Ground out 4-3 (Groundball, 4, EV 85.6 MPH)
|
Batting: LHB Eric Farren
|
0-0: Foul Ball, location: 2F 0-1: Hit by Pitch
|
Batting: RHB Jimmy Misener
|
0-0: Ball Eric Farren steals 2nd base 1-0: Foul Ball, location: 2F 1-1: Swinging Strike 1-2: Ball 2-2: Strikes out swinging
|
Batting: SHB Jeff Echt
|
0-0: Called Strike 0-1: Fly out, F9 (Flyball, 89D, EV 93.1 MPH)
|
Bottom of the 2nd over - 0 runs, 0 hits, 0 errors, 1 left on base; Boise 3 - Williamsport 0 |
TOP OF THE 3RD |
Boise Hawks batting - Pitching for Williamsport Crosscutters : RHP Wally Hoover
|
Batting: RHB Ernest Olkowicz
|
0-0: Ball 1-0: Ball 2-0: SINGLE (Line Drive, 34D, EV 103.1 MPH)
|
Batting: RHB Mike Manchester
|
0-0: Ball 1-0: Fielders Choice at 2nd, 6-4 (Groundball, 6, EV 86.2 MPH)
|
Batting: LHB Chris Raymond
|
0-0: Called Strike Mike Manchester steals 2nd base (no throw) 0-1: Ball 1-1: Called Strike Mike Manchester steals 3rd base 1-2: SINGLE (Groundball, 6M, EV 86.2 MPH) (infield hit) Mike Manchester scores
|
Batting: RHB Andy Solorzano
|
0-0: Ball 1-0: Called Strike 1-1: Ball 2-1: Foul Ball, location: 2F 2-2: Foul Ball, location: 2F 2-2: Ball 3-2: Grounds into double play, 5-4-3 (Groundball, 5, EV 105.6 MPH)
|
Top of the 3rd over - 1 run, 2 hits, 0 errors, 0 left on base; Boise 4 - Williamsport 0 |
BOTTOM OF THE 3RD |
Williamsport Crosscutters batting - Pitching for Boise Hawks : LHP Benito Vargas
|
Batting: RHB Dave Gallegos
|
0-0: DOUBLE (Line Drive, 78M, EV 105.0 MPH)
|
Batting: RHB Tony Perez
|
0-0: Ball 1-0: Swinging Strike 1-1: Foul Ball, location: 2F 1-2: Strikes out swinging
|
Batting: RHB Jake Cox
|
0-0: Ball 1-0: Called Strike 1-1: Ball 2-1: Swinging Strike 2-2: Strikes out swinging
|
Batting: LHB Alex Fernandez
|
0-0: Ground out 4-3 (Groundball, 4, EV 108.8 MPH)
|
Bottom of the 3rd over - 0 runs, 1 hit, 0 errors, 1 left on base; Boise 4 - Williamsport 0 |
TOP OF THE 4TH |
Boise Hawks batting - Pitching for Williamsport Crosscutters : RHP Wally Hoover
|
Batting: RHB Max Schellekens
|
0-0: Ground out 6-3 (Groundball, 6, EV 83.1 MPH)
|
Batting: SHB Malik Whitted
|
0-0: Called Strike 0-1: Ground out 6-3 (Groundball, 4M, EV 99.4 MPH)
|
Batting: LHB Mick Knopp
|
0-0: Called Strike 0-1: Ball 1-1: Called Strike 1-2: Strikes out swinging
|
Top of the 4th over - 0 runs, 0 hits, 0 errors, 0 left on base; Boise 4 - Williamsport 0 |
BOTTOM OF THE 4TH |
Williamsport Crosscutters batting - Pitching for Boise Hawks : LHP Benito Vargas
|
Batting: RHB Alan Weller
|
0-0: Called Strike 0-1: Swinging Strike 0-2: Foul Ball, location: 2F 0-2: Strikes out swinging
|
Batting: RHB Jose Corral
|
0-0: Called Strike 0-1: Foul Ball, location: 2F 0-2: Ball 1-2: Foul Ball, location: 2F 1-2: Foul Ball, location: 2F 1-2: Ball 2-2: Ball 3-2: Fly out, F7 (Flyball, 7, EV 92.5 MPH)
|
Batting: LHB Eric Farren
|
0-0: Ball 1-0: Called Strike 1-1: Swinging Strike 1-2: Strikes out swinging
|
Bottom of the 4th over - 0 runs, 0 hits, 0 errors, 0 left on base; Boise 4 - Williamsport 0 |
TOP OF THE 5TH |
Boise Hawks batting - Pitching for Williamsport Crosscutters : RHP Wally Hoover
|
Batting: SHB Pete Perla
|
0-0: Ball 1-0: Called Strike 1-1: Foul Ball, location: 2F 1-2: Foul Ball, location: 2F 1-2: SINGLE (Groundball, 25, EV 68.8 MPH) (infield hit)
|
Batting: LHB Roy Riess
|
0-0: Called Strike 0-1: Foul Ball, location: 2F 0-2: Fielders Choice at 2nd, 3-6 (Groundball, 34, EV 93.1 MPH)
|
Batting: RHB Ernest Olkowicz
|
0-0: Ball 1-0: Ball 2-0: DOUBLE (Groundball, 5L, EV 102.5 MPH) Roy Riess to third
|
Batting: RHB Mike Manchester
|
0-0: Ball 1-0: Ground out 5-3 (Groundball, 5, EV 106.2 MPH)
|
Batting: LHB Chris Raymond
|
0-0: Ball 1-0: Foul Ball, location: 2F 1-1: DOUBLE (Flyball, 78XD, EV 107.5 MPH) Roy Riess scores Ernest Olkowicz scores
|
Pitching: LHP Chris Burch
|
|
Batting: RHB Andy Solorzano
|
0-0: Ball 1-0: Swinging Strike 1-1: Fly out, F8 (Flyball, 8RD, EV 86.2 MPH)
|
Top of the 5th over - 2 runs, 3 hits, 0 errors, 1 left on base; Boise 6 - Williamsport 0 |
BOTTOM OF THE 5TH |
Williamsport Crosscutters batting - Pitching for Boise Hawks : LHP Benito Vargas
|
Batting: RHB Jimmy Misener
|
0-0: Called Strike 0-1: Ball 1-1: Swinging Strike 1-2: Ball 2-2: Ball 3-2: Strikes out swinging
|
Batting: SHB Jeff Echt
|
0-0: Ball 1-0: Ball 2-0: Called Strike 2-1: Swinging Strike 2-2: Ball 3-2: Strikes out looking
|
Batting: RHB Dave Gallegos
|
0-0: Ball 1-0: Fly out, F8 (Flyball, 8RM, EV 86.2 MPH)
|
Bottom of the 5th over - 0 runs, 0 hits, 0 errors, 0 left on base; Boise 6 - Williamsport 0 |
TOP OF THE 6TH |
Boise Hawks batting - Pitching for Williamsport Crosscutters : LHP Chris Burch
|
Batting: RHB Max Schellekens
|
0-0: Ball 1-0: Called Strike 1-1: Ball 2-1: Foul Ball, location: 2F 2-2: Ball 3-2: Base on Balls
|
Batting: SHB Malik Whitted
|
0-0: Called Strike 0-1: Ball 1-1: Ball 2-1: Ball 3-1: Base on Balls Max Schellekens to second
|
Batting: LHB Mick Knopp
|
0-0: Called Strike 0-1: Ball 1-1: Ball 2-1: Foul Ball, location: 2F 2-2: Ball 3-2: Foul Ball, location: 2F 3-2: Base on Balls Max Schellekens to third Malik Whitted to second
|
Batting: SHB Pete Perla
|
0-0: Ball 1-0: Ball 2-0: Foul Ball, location: 2F 2-1: Swinging Strike 2-2: Strikes out swinging
|
Pitching: RHP Tony Trevino
|
|
Batting: LHB Roy Riess
|
0-0: Foul Ball, location: 2F 0-1: SINGLE (Groundball, 25, EV 76.2 MPH) (infield hit) Max Schellekens scores Malik Whitted to third Mick Knopp to second
|
Batting: RHB Ernest Olkowicz
|
0-0: Ball 1-0: Called Strike 1-1: Foul Ball, location: 2F 1-2: Foul Ball, location: 2F 1-2: Ball 2-2: Foul Ball, location: 2F 2-2: Ball 3-2: Base on Balls Malik Whitted scores Mick Knopp to third Roy Riess to second
|
Batting: RHB Mike Manchester
|
0-0: Swinging Strike 0-1: Ball Wild Pitch! Mick Knopp scores Roy Riess to third Ernest Olkowicz to second 1-1: Called Strike 1-2: Strikes out swinging
|
Batting: LHB Chris Raymond
|
0-0: Swinging Strike 0-1: Foul Ball, location: 2F 0-2: Ball 1-2: Strikes out swinging
|
Top of the 6th over - 3 runs, 1 hit, 0 errors, 2 left on base; Boise 9 - Williamsport 0 |
BOTTOM OF THE 6TH |
Williamsport Crosscutters batting - Pitching for Boise Hawks : LHP Benito Vargas
|
Batting: RHB Tony Perez
|
0-0: Ball 1-0: Ground out 6-3 (Groundball, 6, EV 105.0 MPH)
|
Batting: RHB Jake Cox
|
0-0: Called Strike 0-1: Ball 1-1: Called Strike 1-2: Strikes out swinging
|
Batting: LHB Alex Fernandez
|
0-0: Ball 1-0: Called Strike 1-1: Called Strike 1-2: Strikes out swinging
|
Bottom of the 6th over - 0 runs, 0 hits, 0 errors, 0 left on base; Boise 9 - Williamsport 0 |
TOP OF THE 7TH |
Boise Hawks batting - Pitching for Williamsport Crosscutters : RHP Tony Trevino
|
Batting: RHB Andy Solorzano
|
0-0: Ball 1-0: Foul Ball, location: 2F 1-1: Ball 2-1: Ball 3-1: Base on Balls
|
Batting: RHB Max Schellekens
|
0-0: Ball 1-0: Ball 2-0: Ball 3-0: Base on Balls Andy Solorzano to second
|
Batting: SHB Malik Whitted
|
0-0: Called Strike 0-1: Ball Wild Pitch! Andy Solorzano to third Max Schellekens to second 1-1: DOUBLE (Line Drive, 78M, EV 93.8 MPH) Andy Solorzano scores Max Schellekens scores
|
Batting: LHB Mick Knopp
|
0-0: Ball 1-0: Foul Ball, location: 2F 1-1: Swinging Strike 1-2: Strikes out swinging
|
Batting: SHB Pete Perla
|
0-0: Foul Ball, location: 2F 0-1: Ball Wild Pitch! Malik Whitted to third 1-1: Ball 2-1: Foul Ball, location: 2F 2-2: Ball 3-2: Ground out 4-3 (Groundball, 4, EV 86.2 MPH) Malik Whitted scores
|
Batting: LHB Roy Riess
|
0-0: Ball 1-0: SINGLE (Groundball, 5D, EV 111.2 MPH)
|
Batting: RHB Ernest Olkowicz
|
0-0: Ball 1-0: Ball 2-0: Ball 3-0: Called Strike 3-1: Fielders Choice at 2nd, 6-4 (Groundball, 6, EV 85.0 MPH)
|
Top of the 7th over - 3 runs, 2 hits, 0 errors, 1 left on base; Boise 12 - Williamsport 0 |
BOTTOM OF THE 7TH |
Williamsport Crosscutters batting - Pitching for Boise Hawks : LHP Benito Vargas
|
Pinch Hitting: SHB Brandon McClain
|
0-0: Ball 1-0: Ground out 6-3 (Groundball, 6, EV 85.0 MPH)
|
Batting: RHB Jose Corral
|
0-0: Ball 1-0: Fly out, F3 (Popup, 3SF, EV 67.5 MPH)
|
Pinch Hitting: RHB Brian Burd
|
0-0: Ball 1-0: Ball 2-0: Ground out U3 (Groundball, 3L, EV 90.6 MPH)
|
Bottom of the 7th over - 0 runs, 0 hits, 0 errors, 0 left on base; Boise 12 - Williamsport 0 |
TOP OF THE 8TH |
Boise Hawks batting - Pitching for Williamsport Crosscutters : RHP Tony Trevino
|
Now at 1B: Brian Burd
|
|
Now at 3B: Brandon McClain
|
|
Batting: RHB Mike Manchester
|
0-0: Called Strike 0-1: Called Strike 0-2: Ball 1-2: Strikes out swinging, 2-3 out at first.
|
Pitching: RHP Pat Stone
|
|
Batting: LHB Chris Raymond
|
0-0: Ball 1-0: Foul Ball, location: 2F 1-1: Fly out, F8 (Line Drive, 8RD, EV 97.5 MPH)
|
Batting: RHB Andy Solorzano
|
0-0: Swinging Strike 0-1: Ball 1-1: Ground out 4-3 (Groundball, 4S, EV 86.2 MPH)
|
Top of the 8th over - 0 runs, 0 hits, 0 errors, 0 left on base; Boise 12 - Williamsport 0 |
BOTTOM OF THE 8TH |
Williamsport Crosscutters batting - Pitching for Boise Hawks : LHP Benito Vargas
|
Batting: RHB Jimmy Misener
|
0-0: Ball 1-0: Ball 2-0: Ball 3-0: Base on Balls
|
Batting: SHB Jeff Echt
|
0-0: Ball 1-0: Ball 2-0: Foul Ball, location: 2F 2-1: Ball 3-1: Called Strike 3-2: Base on Balls Jimmy Misener to second
|
Pitching: RHP Jeremy Richards
|
|
Pinch Hitting: SHB Danny Simmons
|
0-0: Foul Ball, location: 2F 0-1: Ball 1-1: Ball 2-1: Called Strike 2-2: Strikes out swinging
|
Batting: RHB Tony Perez
|
0-0: Called Strike 0-1: Ball 1-1: Ball 2-1: Foul Ball, location: 2F 2-2: Ball 3-2: SINGLE (Groundball, 25, EV 75.6 MPH) (infield hit) Jimmy Misener to third Jeff Echt to second
|
Pinch Hitting: RHB Antonio Medina
|
0-0: Ball 1-0: Swinging Strike 1-1: Called Strike 1-2: Foul Ball, location: 2F 1-2: Ball 2-2: Ball Wild Pitch! Jimmy Misener scores Jeff Echt to third Tony Perez to second 3-2: Strikes out swinging
|
Batting: LHB Alex Fernandez
|
0-0: Ball 1-0: Called Strike 1-1: SINGLE (Line Drive, 56D, EV 106.2 MPH) Jeff Echt scores Tony Perez to third Runner from 3rd tries for Home, SAFE, throw by LF to home
|
Batting: SHB Brandon McClain
|
0-0: SINGLE (Groundball, 6MD, EV 98.8 MPH) Alex Fernandez to second
|
Batting: RHB Jose Corral
|
0-0: Ground out U3 (Groundball, 3, EV 87.5 MPH)
|
Bottom of the 8th over - 3 runs, 3 hits, 0 errors, 2 left on base; Boise 12 - Williamsport 3 |
TOP OF THE 9TH |
Boise Hawks batting - Pitching for Williamsport Crosscutters : RHP Pat Stone
|
Pitching: RHP Tyler Bach
|
|
Now at 1B: Antonio Medina
|
|
Now at 2B: Brandon McClain
|
|
Now at 3B: Brian Burd
|
|
Now at SS: Danny Simmons
|
|
Batting: RHB Max Schellekens
|
0-0: Ball 1-0: Foul Ball, location: 2F 1-1: Foul Ball, location: 2F 1-2: SINGLE (Line Drive, 8RS, EV 93.1 MPH)
|
Batting: SHB Malik Whitted
|
0-0: Swinging Strike 0-1: Foul Ball, location: 2F 0-2: Ball 1-2: Ball 2-2: Ball 3-2: Hit by Pitch Max Schellekens to second
|
Batting: LHB Mick Knopp
|
0-0: Swinging Strike 0-1: Called Strike 0-2: Fly out, F8 (Flyball, 8RD, EV 95.0 MPH)
|
Batting: SHB Pete Perla
|
0-0: Called Strike 0-1: Fielders Choice at 2nd, 4-6 (Groundball, 4, EV 86.9 MPH) Max Schellekens to third
|
Batting: LHB Roy Riess
|
0-0: Ball 1-0: Called Strike 1-1: Called Strike 1-2: Strikes out swinging
|
Top of the 9th over - 0 runs, 1 hit, 0 errors, 2 left on base; Boise 12 - Williamsport 3 |
BOTTOM OF THE 9TH |
Williamsport Crosscutters batting - Pitching for Boise Hawks : RHP Jeremy Richards
|
Batting: RHB Brian Burd
|
0-0: Ball 1-0: Swinging Strike 1-1: Ball 2-1: Ball 3-1: Fly out, F8 (Line Drive, 8LD, EV 106.9 MPH)
|
Batting: RHB Jimmy Misener
|
0-0: Called Strike 0-1: Ground out 3-1 (Groundball, 13, EV 88.8 MPH)
|
Batting: SHB Jeff Echt
|
0-0: Called Strike 0-1: Foul Ball, location: 2F 0-2: Strikes out swinging
|
Bottom of the 9th over - 0 runs, 0 hits, 0 errors, 0 left on base; Boise 12 - Williamsport 3 |
|